ESL (28 & UNDER)
BUFFALO LIGHTSABRES @ PENQUANNOCK OVERRATED JETER
08/20/2028
 
TOP OF THE 1ST
Buffalo LightSabres batting - Pitching for Penquannock Overrated Jeter : RHP Carl Thomas
Pitching: RHP Carl Thomas
Batting: SHB Barrett Bowden 0-0: SINGLE (Line Drive, 34)
Batting: LHB Leslie Adams 0-0: Ball
1-0: Foul Ball, location: 2F
1-1: Ball
2-1: Ball
Wild Pitch!
Barrett Bowden to second
3-1: Swinging Strike
3-2: Strikes out looking
Batting: LHB Garrett King 0-0: Called Strike
0-1: Ball
1-1: Fly out, F9 (Flyball, 9LS)
Now in RF: Eric Powell
Batting: LHB Zack Payton 0-0: Ball
1-0: Foul Ball, location: 2F
1-1: Swinging Strike
1-2: Ball
2-2: Strikes out swinging
Top of the 1st over - 0 run(s), 1 hit(s), 0 error(s), 1 left on base; Buffalo 0 - Penquannock 0
BOTTOM OF THE 1ST
Penquannock Overrated Jeter batting - Pitching for Buffalo LightSabres : RHP Stan Payne
Pitching: RHP Stan Payne
Batting: RHB Aaron Holt 0-0: Called Strike
0-1: Ball
1-1: TRIPLE (Line Drive, 89M)
Batting: RHB António Rodríguez 0-0: Foul Ball, location: 2F
0-1: SINGLE (Line Drive, 6D)
Aaron Holt scores
Batting: RHB Bernardo Enríquez 0-0: Called Strike
0-1: Called Strike
0-2: Foul Ball, location: 2F
0-2: SINGLE (Groundball, 34S) (infield hit)
António Rodríguez to second
Batting: RHB José Velásquez 0-0: Ball
1-0: Called Strike
1-1: SINGLE (Line Drive, 3)
António Rodríguez to third
Bernardo Enríquez to second
Batting: RHB Fernando Díaz 0-0: Ball
1-0: Swinging Strike
1-1: Foul Ball, location: 2F
1-2: Strikes out looking
Batting: LHB Tony Green 0-0: Ball
1-0: Ball
2-0: Fly out, F8 (Flyball, 8LS)
Runner from 3rd tags up, SCORES, no throw
Batting: LHB Eric Powell 0-0: Ball
1-0: Called Strike
1-1: Fly out, F2 (Popup, 3S)
Bottom of the 1st over - 2 run(s), 4 hit(s), 0 error(s), 2 left on base; Buffalo 0 - Penquannock 2
TOP OF THE 2ND
Buffalo LightSabres batting - Pitching for Penquannock Overrated Jeter : RHP Carl Thomas
Batting: RHB Mario Solís 0-0: Called Strike
0-1: Foul Ball, location: 2F
0-2: Ball
1-2: SINGLE (Groundball, 56D)
Batting: LHB Craig Kenney 0-0: Ball
1-0: Ball
2-0: Swinging Strike
2-1: Foul Ball, location: 2F
2-2: SINGLE (Groundball, 34) (infield hit)
Mario Solís to second
Batting: RHB Gabriel Ángel 0-0: Ball
1-0: Ball
2-0: Called Strike
2-1: Ball
3-1: Base on Balls
Mario Solís to third
Craig Kenney to second
Batting: LHB Matt Ruskin 0-0: Called Strike
0-1: Ball
1-1: Foul Ball, location: 2F
1-2: Strikes out swinging
Batting: RHB Peter Dixon 0-0: Called Strike
0-1: Ball
1-1: Ball
2-1: Foul Ball, location: 2F
2-2: Ball
3-2: Foul Ball, location: 2F
3-2: Foul Ball, location: 2F
3-2: Foul Ball, location: 2F
3-2: Fly out, F7 (Flyball, 7)
Batting: SHB Barrett Bowden 0-0: Called Strike
0-1: Ball
1-1: Ball
2-1: Foul Ball, location: 2F
2-2: Strikes out swinging
Top of the 2nd over - 0 run(s), 2 hit(s), 0 error(s), 3 left on base; Buffalo 0 - Penquannock 2
BOTTOM OF THE 2ND
Penquannock Overrated Jeter batting - Pitching for Buffalo LightSabres : RHP Stan Payne
Batting: RHB Manny Perea 0-0: Called Strike
0-1: SINGLE (Flyball, 8RM)
Batting: RHB Armando Pagán 0-0: Swinging Strike
0-1: Ball
1-1: Fly out, F7 (Flyball, 7LM)
Batting: RHB Aaron Holt 0-0: SINGLE (Flyball, 9S)
Manny Perea to second
Batting: RHB António Rodríguez 0-0: Called Strike
0-1: Foul Ball, location: 2F
0-2: Ball
1-2: Fly out, F4 (Popup, 4D)
Batting: RHB Bernardo Enríquez 0-0: Ball
1-0: Ball
2-0: Swinging Strike
2-1: Ball
3-1: Fly out, F5 (Popup, 5D)
Bottom of the 2nd over - 0 run(s), 2 hit(s), 0 error(s), 2 left on base; Buffalo 0 - Penquannock 2
TOP OF THE 3RD
Buffalo LightSabres batting - Pitching for Penquannock Overrated Jeter : RHP Carl Thomas
Batting: LHB Leslie Adams 0-0: DOUBLE (Flyball, 7LM)
Batting: LHB Garrett King 0-0: Called Strike
0-1: DOUBLE (Line Drive, 9LM)
Leslie Adams scores
Batting: LHB Zack Payton 0-0: Called Strike
0-1: Foul Ball, location: 2F
0-2: Ball
1-2: Fly out, F8 (Flyball, 8RD)
Batting: RHB Mario Solís 0-0: Ball
1-0: Swinging Strike
1-1: Called Strike
1-2: 2-RUN HOME RUN (Flyball, 9D), Distance : 366 ft
Batting: LHB Craig Kenney 0-0: Called Strike
0-1: Foul Ball, location: 2F
0-2: Ground out U3 (Groundball, 34)
Batting: RHB Gabriel Ángel 0-0: Foul Ball, location: 2F
0-1: Ball
1-1: Swinging Strike
1-2: Strikes out looking
Top of the 3rd over - 3 run(s), 3 hit(s), 0 error(s), 0 left on base; Buffalo 3 - Penquannock 2
BOTTOM OF THE 3RD
Penquannock Overrated Jeter batting - Pitching for Buffalo LightSabres : RHP Stan Payne
Batting: RHB José Velásquez 0-0: Ball
1-0: Called Strike
1-1: Ball
2-1: Ball
3-1: Foul Ball, location: 2F
3-2: SINGLE (Flyball, 8RS)
Batting: RHB Fernando Díaz 0-0: Called Strike
0-1: Ball
1-1: Swinging Strike
1-2: Foul Ball, location: 2F
1-2: Ball
2-2: Ball
3-2: Foul Ball, location: 2F
3-2: Foul Ball, location: 2F
3-2: Base on Balls
José Velásquez to second
Batting: LHB Tony Green 0-0: Ball
José Velásquez steals 3rd base
Fernando Díaz to second
1-0: TRIPLE (Flyball, 8LXD)
José Velásquez scores
Fernando Díaz scores
Batting: LHB Eric Powell 0-0: DOUBLE (Line Drive, 9LM)
Tony Green scores
Batting: RHB Manny Perea 0-0: Swinging Strike
0-1: Ground out 6-3 (Groundball, 6)
Eric Powell to third
Batting: RHB Armando Pagán 0-0: SINGLE (Groundball, 4MD)
Eric Powell scores
Pitching: RHP Pat Jackson
Batting: RHB Aaron Holt 0-0: Ball
Armando Pagán is caught stealing 2nd base
1-0: Ball
2-0: Ball
3-0: Called Strike
3-1: Called Strike
3-2: Base on Balls
Batting: RHB António Rodríguez 0-0: Ball
Aaron Holt is caught stealing 2nd base
Bottom of the 3rd over - 4 run(s), 4 hit(s), 0 error(s), 0 left on base; Buffalo 3 - Penquannock 6
TOP OF THE 4TH
Buffalo LightSabres batting - Pitching for Penquannock Overrated Jeter : RHP Carl Thomas
Batting: LHB Matt Ruskin 0-0: Ball
1-0: Bunt for hit - play at first, batter OUT! 2-3
Batting: RHB Peter Dixon 0-0: Ball
1-0: Foul Ball, location: 2F
1-1: Swinging Strike
1-2: Strikes out swinging
Batting: SHB Barrett Bowden 0-0: Called Strike
0-1: Called Strike
0-2: Ball
1-2: Foul Ball, location: 2F
1-2: Strikes out swinging, 2-3 out at first.
Top of the 4th over - 0 run(s), 0 hit(s), 0 error(s), 0 left on base; Buffalo 3 - Penquannock 6
BOTTOM OF THE 4TH
Penquannock Overrated Jeter batting - Pitching for Buffalo LightSabres : RHP Pat Jackson
Batting: RHB António Rodríguez 0-0: Swinging Strike
0-1: Foul Ball, location: 2F
0-2: Ball
1-2: Foul Ball, location: 2F
1-2: Foul Ball, location: 2F
1-2: Foul Ball, location: 2F
1-2: Foul Ball, location: 2F
1-2: Ball
2-2: Ground out 5-3 (Groundball, 56)
Batting: RHB Bernardo Enríquez 0-0: Ground out 4-3 (Groundball, 4)
Batting: RHB José Velásquez 0-0: Ball
1-0: Called Strike
1-1: Swinging Strike
1-2: Ball
2-2: Ball
3-2: DOUBLE (Groundball, 3L)
Batting: RHB Fernando Díaz 0-0: Fly out, F8 (Flyball, 8RM)
Bottom of the 4th over - 0 run(s), 1 hit(s), 0 error(s), 1 left on base; Buffalo 3 - Penquannock 6
TOP OF THE 5TH
Buffalo LightSabres batting - Pitching for Penquannock Overrated Jeter : RHP Carl Thomas
Batting: LHB Leslie Adams 0-0: Ball
1-0: Fly out, F7 (Flyball, 7)
Batting: LHB Garrett King 0-0: Called Strike
0-1: Swinging Strike
0-2: Strikes out swinging
Batting: LHB Zack Payton 0-0: Foul Ball, location: 2F
0-1: Ball
1-1: Foul Ball, location: 2F
1-2: Fly out, F2 (Popup, 2L)
Top of the 5th over - 0 run(s), 0 hit(s), 0 error(s), 0 left on base; Buffalo 3 - Penquannock 6
BOTTOM OF THE 5TH
Penquannock Overrated Jeter batting - Pitching for Buffalo LightSabres : RHP Pat Jackson
Batting: LHB Tony Green 0-0: Ball
1-0: Swinging Strike
1-1: Ball
2-1: Ball
3-1: Base on Balls
Batting: LHB Eric Powell 0-0: Ball
1-0: Called Strike
1-1: Foul Ball, location: 2F
1-2: Strikes out swinging
Batting: RHB Manny Perea 0-0: Ball
1-0: Ball
2-0: Fly out, F8 (Flyball, 8LS)
Batting: RHB Armando Pagán 0-0: Ball
1-0: Foul Ball, location: 2F
1-1: Called Strike
1-2: Strikes out swinging
Bottom of the 5th over - 0 run(s), 0 hit(s), 0 error(s), 1 left on base; Buffalo 3 - Penquannock 6
TOP OF THE 6TH
Buffalo LightSabres batting - Pitching for Penquannock Overrated Jeter : RHP Carl Thomas
Pitching: RHP Leonard Christensen
Batting: RHB Mario Solís 0-0: Called Strike
0-1: SINGLE (Groundball, 6D)
Batting: LHB Craig Kenney 0-0: Ball
1-0: Foul Ball, location: 2F
1-1: Fly out, F4 (Line Drive, 4MD)
Batting: RHB Gabriel Ángel 0-0: Foul Ball, location: 2F
0-1: Ball
1-1: Foul Ball, location: 2F
1-2: Ball
2-2: Ball
3-2: Hit by Pitch
Mario Solís to second
Batting: LHB Matt Ruskin 0-0: Foul Ball, location: 2F
0-1: Foul Ball, location: 2F
0-2: Ball
1-2: Ball
2-2: Ball
3-2: Strikes out looking
Batting: RHB Peter Dixon 0-0: Ball
1-0: Foul Ball, location: 2F
1-1: Ball
2-1: Foul Ball, location: 2F
2-2: Reached via error on a dropped throw, E4
Mario Solís to third
Gabriel Ángel to second
Batting: SHB Barrett Bowden 0-0: GRAND SLAM HOME RUN (Flyball, 89XD), Distance : 409 ft
Batting: LHB Leslie Adams 0-0: SINGLE (Groundball, 4MD)
Batting: LHB Garrett King 0-0: Called Strike
0-1: Ball
1-1: Ball
2-1: Called Strike
2-2: Strikes out swinging
Top of the 6th over - 4 run(s), 3 hit(s), 1 error(s), 1 left on base; Buffalo 7 - Penquannock 6
BOTTOM OF THE 6TH
Penquannock Overrated Jeter batting - Pitching for Buffalo LightSabres : RHP Pat Jackson
Batting: RHB Aaron Holt 0-0: Ball
1-0: Fly out, F7 (Line Drive, 7)
Batting: RHB António Rodríguez 0-0: Called Strike
0-1: Ground out 5-3 (Groundball, 56S)
Batting: RHB Bernardo Enríquez 0-0: Ball
1-0: Ball
2-0: Called Strike
2-1: Foul Ball, location: 2F
2-2: DOUBLE (Line Drive, 89XD)
Batting: RHB José Velásquez 0-0: Called Strike
0-1: Ball
1-1: Ball
2-1: Fly out, F8 (Flyball, 8LM)
Bottom of the 6th over - 0 run(s), 1 hit(s), 0 error(s), 1 left on base; Buffalo 7 - Penquannock 6
TOP OF THE 7TH
Buffalo LightSabres batting - Pitching for Penquannock Overrated Jeter : RHP Leonard Christensen
Batting: LHB Zack Payton 0-0: Swinging Strike
0-1: Ball
1-1: Foul Ball, location: 2F
1-2: Ball
2-2: Foul Ball, location: 2F
2-2: Fly out, F7 (Flyball, 7S)
Batting: RHB Mario Solís 0-0: Swinging Strike
0-1: Swinging Strike
0-2: Ball
1-2: Strikes out looking
Batting: LHB Craig Kenney 0-0: SINGLE (Groundball, 6MS) (infield hit)
Batting: RHB Gabriel Ángel 0-0: Ball
Craig Kenney is caught stealing 2nd base
Top of the 7th over - 0 run(s), 1 hit(s), 0 error(s), 0 left on base; Buffalo 7 - Penquannock 6
BOTTOM OF THE 7TH
Penquannock Overrated Jeter batting - Pitching for Buffalo LightSabres : RHP Pat Jackson
Pitching: RHP Travis Whitney
Batting: RHB Fernando Díaz 0-0: Ball
1-0: Ball
2-0: Ground out 5-3 (Groundball, 5L)
Batting: LHB Tony Green 0-0: Ball
1-0: Foul Ball, location: 2F
1-1: Ball
2-1: Ball
3-1: Base on Balls
Batting: LHB Eric Powell 0-0: Foul Ball, location: 2F
0-1: Ball
1-1: Swinging Strike
1-2: Foul Ball, location: 2F
1-2: Foul Ball, location: 2F
1-2: Fielders Choice at 2nd, 1-6 (Groundball, P)
Batting: RHB Manny Perea 0-0: Ball
Eric Powell steals 2nd base
1-0: Fly out, F5 (Popup, 5S)
Bottom of the 7th over - 0 run(s), 0 hit(s), 0 error(s), 1 left on base; Buffalo 7 - Penquannock 6
TOP OF THE 8TH
Buffalo LightSabres batting - Pitching for Penquannock Overrated Jeter : RHP Leonard Christensen
Batting: RHB Gabriel Ángel 0-0: Fly out, F4 (Line Drive, 4)
Batting: LHB Matt Ruskin 0-0: Ball
1-0: Called Strike
1-1: Foul Ball, location: 2F
1-2: Ball
2-2: Ball
3-2: SINGLE (Groundball, 34D)
Pinch Hitting: LHB Rob Davidson 0-0: Called Strike
0-1: Ball
1-1: Ball
2-1: Foul Ball, location: 2F
2-2: Foul Ball, location: 2F
2-2: Strikes out swinging
Batting: SHB Barrett Bowden 0-0: Called Strike
0-1: Ball
Matt Ruskin is caught stealing 2nd base
Top of the 8th over - 0 run(s), 1 hit(s), 0 error(s), 0 left on base; Buffalo 7 - Penquannock 6
BOTTOM OF THE 8TH
Penquannock Overrated Jeter batting - Pitching for Buffalo LightSabres : RHP Travis Whitney
Pitching: RHP Domingo Rodríguez
Now at 3B: Pedro Romero
Batting: RHB Armando Pagán 0-0: Called Strike
0-1: Ball
1-1: Ball
2-1: Ball
3-1: Called Strike
3-2: Base on Balls
Batting: RHB Aaron Holt 0-0: Bunted foul
0-1: Ball
1-1: Ball
2-1: Sac Bunt - play at first, batter OUT! 1-4
Armando Pagán to second
Batting: RHB António Rodríguez 0-0: Ball
1-0: Ball
2-0: Ball
3-0: Called Strike
3-1: Fly out, F7 (Flyball, 7)
Batting: RHB Bernardo Enríquez 0-0: Fly out, F9 (Flyball, 9S)
Bottom of the 8th over - 0 run(s), 0 hit(s), 0 error(s), 1 left on base; Buffalo 7 - Penquannock 6
TOP OF THE 9TH
Buffalo LightSabres batting - Pitching for Penquannock Overrated Jeter : RHP Leonard Christensen
Batting: SHB Barrett Bowden 0-0: Ball
1-0: Ball
2-0: Ball
3-0: SOLO HOME RUN (Flyball, 89XD), Distance : 396 ft
Batting: LHB Leslie Adams 0-0: SINGLE (Groundball, 34D)
Batting: LHB Garrett King 0-0: Called Strike
0-1: Ball
1-1: Fly out, F8 (Flyball, 8LXD)
Batting: LHB Zack Payton 0-0: Ball
1-0: Called Strike
Leslie Adams is caught stealing 2nd base
1-1: Ball
2-1: Fly out, F3 (Popup, 3S)
Top of the 9th over - 1 run(s), 2 hit(s), 0 error(s), 0 left on base; Buffalo 8 - Penquannock 6
BOTTOM OF THE 9TH
Penquannock Overrated Jeter batting - Pitching for Buffalo LightSabres : RHP Domingo Rodríguez
Pitching: RHP Jeremias Pereirinha
Batting: RHB José Velásquez 0-0: Ball
1-0: Called Strike
1-1: Ball
2-1: Fly out, F8 (Flyball, 8RM)
Batting: RHB Fernando Díaz 0-0: Ball
1-0: SINGLE (Line Drive, 6)
Batting: LHB Tony Green 0-0: Ball
1-0: Fly out, F7 (Flyball, 7D)
Batting: LHB Eric Powell 0-0: Ball
1-0: Ball
2-0: Ball
3-0: Called Strike
3-1: Swinging Strike
3-2: Strikes out looking
Bottom of the 9th over - 0 run(s), 1 hit(s), 0 error(s), 1 left on base; Buffalo 8 - Penquannock 6
Tuesday, August 8th, 2017 - OOTP Baseball 17.12 Build 75